 Dungeon Crawl Stone Soup version 0.18-a0-1299-ge3c6ce7 (webtiles) character file.

189 Banto the Skirmisher (level 5, 0/29 HPs)
             Began as a Vine Stalker Skald on Feb 11, 2016.
             Succumbed to a scorpion's poison
             ... on level 3 of the Dungeon.
             The game lasted 00:03:11 (2372 turns).

Banto the Skirmisher (Vine Stalker Skald)           Turns: 2372, Time: 00:03:11

Health: 0/29       AC:  7    Str: 15    XL:     5   Next: 68%
Magic:  1/9        EV: 10    Int: 12    God:
Gold:   100        SH:  0    Dex: 14    Spells: 3 memorised, 3 levels left

rFire  + . .     SeeInvis .       - Unarmed
rCold  . . .     Gourm    .     i - +2 ring mail {rF+}
rNeg   . . .     Faith    .     (no shield)
rPois  .         Spirit   +     (no helmet)
rElec  .         Dismiss  .     (no cloak)
rCorr  .         Reflect  .     (no gloves)
SustAt .         Harm     .     (no boots)
MR     .....                    (no amulet)
Stlth  +.........               (no ring)
                                (no ring)

@: lethally poisoned (0 -> -3), flying, not resistant to hostile enchantments,
very unstealthy
A: fangs 2, regeneration 1, magic shield, antimagic bite, no device heal 3, rot
immunity
a: no special abilities


You were on level 3 of the Dungeon.
You were not hungry.

You visited 1 branch of the dungeon, and saw 3 of its levels.

You collected 100 gold pieces.

Inventory:

Hand Weapons
 b - a +0 blowgun
Missiles
 o - 17 poisoned needles
Armour
 h - a cursed +0 buckler
 i - a +2 ring mail of fire resistance (worn)
Scrolls
 k - a scroll of remove curse
 n - a scroll of identify {unknown}
Potions
 j - a potion of heal wounds {unknown}
 m - a potion of agility {unknown}
Comestibles
 a - a chunk of flesh
 c - 2 bread rations
 d - a beef jerky
 f - 4 meat rations


   Skills:
 + Level 4.0 Fighting
 - Level 0.7 Armour
 - Level 0.7 Dodging
 + Level 4.0 Unarmed Combat
 - Level 2.1 Spellcasting
 - Level 3.0 Charms


You had 3 spell levels left.
You knew the following spells:

 Your Spells              Type           Power        Failure   Level  Hunger
a - Infusion              Chrm           #...         17%         1    ##.....
b - Song of Slaying       Chrm           #.......     24%         2    ###....
c - Shroud of Golubria    Chrm/Tloc      #.........   43%         2    ###....


Dungeon Overview and Level Annotations

Branches:
Dungeon (3/15)

Altars:


Innate Abilities, Weirdness & Mutations

You have extremely sharp teeth.
Your natural rate of healing is unusually fast.
When hurt, damage is shared between your health and your magic reserves.
Your bite disrupts and absorbs the magic of your enemies.
Potions and wands cannot restore your health.
You are immune to rotting.


Message History

The scorpion is almost dead.
The scorpion stings you but does no damage.
You hit the scorpion but do no damage.
You bite the scorpion, but do no damage.
The scorpion is almost dead.
The scorpion stings you.
* * * LOW HITPOINT WARNING * * *
You are lethally poisoned!
The scorpion poisons you!
You hit the scorpion but do no damage.
The scorpion is almost dead.
* * * LOW HITPOINT WARNING * * *
You feel sick.
The scorpion stings you but does no damage.
Unknown command.
You punch the scorpion!
You kill the scorpion!
Your Fighting skill increases to level 4!
Your Unarmed Combat skill increases to level 4!
You die...

#........##.....######
#........#####.##
#........# #†#
#........# #.#
#........# #.#
#.....$..# #.#
##.####### #.#
#.###########.#
#(......@...#.#
#..............#.#
#####################.#
......................#
#######################


There were no monsters in sight!

Vanquished Creatures
  A scorpion (D:3)
  An orc priest (D:3)
  An orc wizard (D:3)
  3 adders
  A worm (D:2)
  A giant gecko (D:1)
  2 orcs (D:3)
  8 bats
  3 giant cockroaches
  6 goblins
  2 hobgoblins
  A quokka (D:2)
  2 ball pythons (D:3)
  4 giant newts
  8 kobolds
  7 rats
51 creatures vanquished.

Notes
Turn   | Place    | Note
--------------------------------------------------------------
     0 | D:1      | Banto the Vine Stalker Skald began the quest for the Orb.
     0 | D:1      | Reached XP level 1. HP: 11/11 MP: 4/4
   254 | D:1      | Reached XP level 2. HP: 2/15 MP: 1/6
  1061 | D:2      | Found a faded altar to an unknown god.
  1092 | D:2      | Reached XP level 3. HP: 14/19 MP: 7/7
  1857 | D:3      | Learned a level 2 spell: Song of Slaying
  1860 | D:3      | Learned a level 2 spell: Shroud of Golubria
  1896 | D:3      | Reached XP level 4. HP: 18/24 MP: 8/8
  2218 | D:3      | Reached XP level 5. HP: 26/29 MP: 9/9
  2340 | D:3      | HP: 1/29 [scorpion (1)]
  2358 | D:3      | HP: 1/29 [poisoned by a scorpion]
  2370 | D:3      | HP: 1/29 [scorpion (2)]
  2372 | D:3      | Reached skill level 4 in Fighting
  2372 | D:3      | Succumbed to a scorpion's poison

Vault maps used:
D:1:      lightli_arrival_noodles
D:2:      ecumenical_altar_1, kennysheep_boxes
D:3:      first_bread

Action                   |  1- 3 |  4- 6 || total
-------------------------+-------+-------++-------
Melee: Unarmed           |   158 |    51 ||   209
 Fire: Blowgun           |       |    14 ||    14
 Cast: Infusion          |     1 |     1 ||     2
  Use: Scroll            |     5 |       ||     5
       Potion            |       |     4 ||     4
  Eat: Chunk             |     3 |     2 ||     5
